 Dungeon Crawl Stone Soup version 0.24.0-7-gb3623d2c88 (webtiles) character file.

Game seed: 8597928983896544120, levelgen mode: deterministic

6169 Delamore the Severer (level 10, -6/78 HPs)
             Began as a Hill Orc Monk on Nov 2, 2019.
             Was a Priest of Nemelex Xobeh.
             Shot with a bolt by an orc knight (25 damage)
             ... on level 2 of the Orcish Mines.
             The game lasted 00:34:18 (10754 turns).

Delamore the Severer (Hill Orc Monk)               Turns: 10754, Time: 00:34:18

Health: -6/78      AC: 16    Str: 17    XL:     10   Next: 90%
Magic:  10/10      EV:  8    Int: 10    God:    Nemelex Xobeh [***...]
Gold:   514        SH:  0    Dex: 14    Spells: 9/9 levels left

rFire    . . .     SeeInvis +   f - +0 hand axe (elec)
rCold    . . .     Gourm    .   (no shield)
rNeg     . . .     Faith    .   p - +0 chain mail
rPois    +         Spirit   .   J - +0 hat
rElec    .         Reflect  .   L - +2 cloak {rPois}
rCorr    .         Harm     .   h - +0 pair of gloves
MR       +....                  (no boots)
Stlth    ..........             (no amulet)
HPRegen  0.23/turn              x - ring of see invisible
MPRegen  0.12/turn              u - ring of protection from magic

@: no status effects
A: no striking features
a: Draw Escape, Draw Destruction, Draw Summoning, Triple Draw, Renounce Religion


You were on level 2 of the Orcish Mines.
You worshipped Nemelex Xobeh.
Nemelex Xobeh was most pleased with you.
You were not hungry.

You visited 3 branches of the dungeon, and saw 12 of its levels.

You collected 668 gold pieces.
You spent 154 gold pieces at shops.

Inventory:

Hand Weapons
 f - a +0 hand axe of electrocution (weapon)
 s - a +0 war axe
 y - a +2 mace of crushing
Armour
 h - a +0 pair of gloves (worn)
 p - a +0 chain mail (worn)
 A - a +0 plate armour
 J - a +0 hat (worn)
 L - a +2 cloak of poison resistance (worn)
Jewellery
 t - the ring of Robustness {AC+8}
   (You found it on level 4 of the Dungeon)

   [ring of protection]

   It affects your AC (+8).
 u - a ring of protection from magic (right hand)
 x - a ring of see invisible (left hand)
 F - an uncursed ring of positive energy
 K - an uncursed ring of positive energy
Wands
 B - a wand of clouds (12)
 E - a wand of disintegration (14)
 G - a wand of digging (2)
 H - a wand of polymorph (8)
Scrolls
 e - 5 scrolls of remove curse
 j - 5 scrolls of teleportation
 l - 5 scrolls of identify
 n - 2 scrolls of fear
 o - a scroll of random uselessness {unknown}
 q - 2 scrolls of blinking {unknown}
 v - 3 scrolls of noise {unknown}
 w - 2 scrolls of amnesia {unknown}
 C - a scroll of enchant armour {unknown}
 D - a scroll of enchant weapon {unknown}
Potions
 a - a potion of invisibility {unknown}
 b - a potion of magic {unknown}
 d - 5 potions of curing
 g - 5 potions of brilliance
 i - a potion of agility {unknown}
 k - 2 potions of ambrosia {unknown}
 m - 3 potions of flight {unknown}
 r - a potion of lignification {unknown}
 z - a potion of berserk rage {unknown}
 I - 3 potions of cancellation {unknown}
Comestibles
 c - 12 rations
 M - 3 chunks of flesh


   Skills:
 - Level 3.7 Fighting
 + Level 15.6 Axes
 + Level 10.9 Armour
 - Level 2.4 Dodging
 - Level 1.5 Stealth
 + Level 0.6 Evocations


You had 9 spell levels left.
You didn't know any spells.
Your spell library contained the following spells:

 Spells                   Type           Power        Failure   Level  Hunger
 Animate Skeleton         Necr           N/A          98%         1    ##.....
 Pain                     Necr           #...         98%         1    ##.....
 Regeneration             Chrm/Necr      #.........   100%        3    ####...
 Vampiric Draining        Necr           #.........   100%        3    ####...
 Animate Dead             Necr           N/A          100%        4    #####..
 Cause Fear               Hex            #.........   100%        4    #####..
 Silence                  Hex/Air        #.........   100%        5    ######.
 Yara's Violent Unravell  Hex/Tmut       #.........   100%        5    ######.
 Deflect Missiles         Chrm/Air       #.........   100%        6    #######
 Discord                  Hex            #.........   100%        8    #######


Dungeon Overview and Level Annotations

Branches:
Dungeon (9/15)             Temple (1/1) D:7             Orc (2/2) D:9
   Lair: D:8-11         Elf: Orc:2

Altars:
Ashenzari
Cheibriados
Dithmenos
Elyvilon
Fedhas
Gozag
Hepliaklqana
Kikubaaqudgha
Makhleb
Nemelex Xobeh
Okawaru
Qazlal
Ru
Sif Muna
Trog
Uskayaw
Vehumet
Wu Jian
Xom
Yredelemnul
Zin
The Shining One

Shops:
D:9 ?


Message History

You closely miss the orc warrior.
The orc warrior hits you with a +0 glaive!!
You hit the orc warrior but do no damage.
Lightning courses through the orc warrior!!
The orc warrior is severely wounded.
The orc knight shoots a bolt.
The bolt hits you!!
* * * LOW HITPOINT WARNING * * *
The bolt burns you.
* * * LOW HITPOINT WARNING * * *
The orc warrior hits you but does no damage.
Things that are here:
a +0 dagger; a +0 robe; an orc corpse The orc knight shoots a bolt.
The bolt barely misses you.
The orc knight shoots a bolt.
The bolt hits you but does no damage.
The orc warrior hits you from afar with a +0 glaive.
* * * LOW HITPOINT WARNING * * *
You see here a bolt.
The orc knight shoots a bolt.
The bolt hits you!!
You die...
Your body glows slightly and disappears.

####### ######
###.#.#.####.##.##
##........##(.....##
##..................##
##.#..................#
#.................)o.##
##.#............@()o.#
##.##....#.......##o#o...
#....#....#......###o#....
##....#..#..........o......
###.#####...<.............
### #...........#.......
......................
#...............
#......#........


You could see an orc knight, an orc warrior and 2 orcs.

Vanquished Creatures
  Maurice (D:8)
  Joseph (D:9)
  Psyche (D:8)
  Grinder (D:6)
  A hippogriff (D:8)
  2 humans (D:7)
  Grum (D:9)
  Eustachio (D:5)
  A steam dragon (D:7)
  Menkaure (D:5)
  4 vampire mosquitoes (D:9)
  A warg (D:9)
  A water moccasin (D:7)
  Duvessa (D:6)
  An ice beast (D:5)
  4 orc warriors
  2 sky beasts (D:8)
  5 ogres
  4 wolves (D:9)
  A phantom (D:8)
  A centaur (D:6)
  A necrophage (D:5)
  2 bullfrogs
  Dowan (D:6)
  A scorpion (D:8)
  3 wights (D:8)
  A crimson imp (D:5)
  A centaur zombie (D:9)
  An iron imp (D:7)
  6 orc priests
  5 hounds
  A jelly (D:9)
  A centaur skeleton (D:7)
  Jessica (D:3)
  An iguana (D:7)
  7 orc wizards
  6 worker ants
  2 hound zombies
  A hound skeleton (D:6)
  A howler monkey zombie (D:7)
  A worker ant zombie (D:8)
  4 gnolls
  10 adders
  A howler monkey skeleton (D:5)
  4 shadow imps
  3 oozes
  An adder skeleton (D:9)
  2 leopard geckos
  32 orcs
  5 bats
  4 giant cockroaches
  6 goblins
  7 hobgoblins
  8 jackals
  5 quokkas
  A ball python (D:1)
  12 frilled lizards
  10 kobolds
  2 leopard gecko skeletons
  A quokka skeleton (D:9)
  4 rats
202 creatures vanquished.

Notes
Turn   | Place    | Note
-------+----------+-------------------------------------------
     0 | D:1      | Delamore the Hill Orc Monk began the quest for the Orb.
     0 | D:1      | Reached XP level 1. HP: 19/19 MP: 1/1
    70 | D:1      | Reached XP level 2. HP: 11/27 MP: 2/2
   526 | D:1      | Reached skill level 5 in Axes
   717 | D:1      | Reached XP level 3. HP: 33/33 MP: 3/3
  1290 | D:2      | Reached skill level 6 in Axes
  1688 | D:3      | Reached XP level 4. HP: 40/40 MP: 4/4
  2238 | D:3      | Noticed Jessica
  2243 | D:3      | Killed Jessica
  2243 | D:3      | Reached skill level 7 in Axes
  2243 | D:3      | Reached XP level 5. HP: 43/46 MP: 5/5
  2474 | D:3      | Reached skill level 1 in Armour
  2515 | D:3      | Found a glowing golden altar of the Shining One.
  3068 | D:4      | Found the ring of Robustness {AC+8}
  3356 | D:4      | Noticed an ogre
  3365 | D:4      | Killed an ogre
  3365 | D:4      | Reached skill level 8 in Axes
  3365 | D:4      | Reached XP level 6. HP: 15/52 MP: 6/6
  3738 | D:5      | Entered Level 5 of the Dungeon
  4175 | D:5      | Noticed an ice beast
  4195 | D:5      | Killed an ice beast
  4195 | D:5      | Reached skill level 9 in Axes
  4195 | D:5      | Reached XP level 7. HP: 18/58 MP: 7/7
  4424 | D:5      | Noticed Eustachio
  4484 | D:5      | Killed Eustachio
  5419 | D:6      | Noticed Grinder
  5419 | D:6      | Paralysed by Grinder for 7 turns
  5441 | D:5      | Reached skill level 10 in Axes
  5666 | D:6      | Paralysed by Grinder for 3 turns
  5671 | D:6      | Paralysed by Grinder for 3 turns
  5954 | D:6      | Killed Grinder
  5954 | D:6      | Reached XP level 8. HP: 49/66 MP: 8/8
  6046 | D:6      | Noticed Duvessa
  6050 | D:6      | Noticed Dowan
  6055 | D:6      | Killed Duvessa
  6055 | D:6      | Reached skill level 11 in Axes
  6055 | D:6      | Reached skill level 5 in Armour
  6061 | D:6      | Killed Dowan
  6120 | D:5      | Reached skill level 12 in Axes
  6435 | D:6      | Noticed Menkaure
  6940 | D:5      | Killed Menkaure
  6940 | D:5      | Reached XP level 9. HP: 20/71 MP: 9/9
  7613 | D:7      | Found an iron altar of Okawaru.
  7658 | D:7      | Reached skill level 13 in Axes
  8010 | D:7      | Found a staircase to the Ecumenical Temple.
  8016 | Temple   | Entered the Ecumenical Temple
  8260 | D:7      | Found a sparkling altar of Nemelex Xobeh.
  8266 | D:7      | Became a worshipper of Nemelex Xobeh the Trickster
  8266 | D:7      | Received a gift from Nemelex Xobeh
  8266 | D:7      | Reached * piety under Nemelex Xobeh
  8266 | D:7      | Reached ** piety under Nemelex Xobeh
  8317 | D:7      | Found a snail-covered altar of Cheibriados.
  8635 | D:8      | Received a gift from Nemelex Xobeh
  8714 | D:8      | Reached skill level 14 in Axes
  8819 | D:8      | Noticed Maurice
  8823 | D:8      | Noticed Psyche
  8831 | D:8      | Reached XP level 10. HP: 73/78 MP: 10/10
  8839 | D:8      | Killed Maurice
  8878 | D:8      | HP: 3/78 [poisoned by Psyche]
  9205 | D:8      | Killed Psyche
  9392 | D:8      | Found a shimmering altar of Xom.
  9606 | D:9      | Noticed Grum
  9616 | D:9      | Killed Grum
  9616 | D:9      | Reached skill level 15 in Axes
  9657 | D:9      | Found Gocyaschi's Magic Scroll Boutique.
  9663 | D:9      | Bought a scroll of identify for 28 gold pieces
  9663 | D:9      | Bought a scroll of magic mapping for 49 gold pieces
  9663 | D:9      | Bought a scroll of fear for 49 gold pieces
  9664 | D:9      | Bought a scroll of identify for 28 gold pieces
  9690 | D:9      | Found an opulent altar of Gozag.
  9794 | D:9      | Found a staircase to the Orcish Mines.
  9812 | D:9      | Reached skill level 10 in Armour
 10076 | D:9      | Received a gift from Nemelex Xobeh
 10076 | D:9      | Reached *** piety under Nemelex Xobeh
 10273 | D:9      | Noticed Joseph
 10284 | D:9      | Killed Joseph
 10339 | D:9      | Found an ornate altar of the Wu Jian Council.
 10534 | Orc:1    | Entered Level 1 of the Orcish Mines
 10700 | Orc:2    | Entered Level 2 of the Orcish Mines
 10733 | Orc:2    | Noticed an orc knight
 10754 | Orc:2    | Shot with a bolt by an orc knight

Levels and vault maps discovered:
D:1:      minmay_arrival_arboretum_small, layout_loops_corners
D:2:      layout_rooms
D:3:      layout_basic, tso_metal_star, serial_co_window_serial,
          co_window_corner_a, co_window_paths_a, co_window_paths_a,
          co_window_corner_a, co_window_paths_b, co_window_paths_b,
          co_window_of_opportunity_a, co_window_paths_a, co_window_corner_a,
          co_window_broadway_a, co_window_broadway_a, co_window_broadway_b,
          co_window_paths_c, co_window_paths_d, glass_columns_b,
          glass_columns_a, glass_columns_c, glass_columns_a, uniq_jessica
D:4:      layout_gridville, first_ration, hangedman_decor_push, fountainhead,
          chequers_arboretum
D:5:      layout_basic, uniq_eustachio
D:6:      layout_cave_pools, uniq_menkaure, uniq_duvessa, uniq_grinder
D:7:      layout_cave_pools, slow_altar_1, nemelex_xobeh_ov_fountains_minmay,
          temple_green, okawaru_humans
D:8:      layout_rooms, kennysheep_mini, uniq_psyche, uniq_maurice
D:9:      layout_loops_corners, grunt_gozag_statues, lemuel_crystal_altar,
          david_orc_3, serial_shops, shop, uniq_grum, uniq_joseph
Temple:   regret_index_temple_sphere_string
Orc:1:    layout_caves
Orc:2:    st_orc_ogre_mass, layout_caves, uniq_urug

Skill      XL: |  1  2  3  4  5  6  7  8  9 10 |
---------------+-------------------------------+-----
Axes           | 5 6 7 8 9 10 12 14 15 | 15.6
Armour         | 2 3 4 6 8 10 | 10.9
Fighting       | |  3.7
Dodging        | |  2.4
Stealth        | |  1.5
Evocations     | |  0.6

Action                   |  1- 3 |  4- 6 |  7- 9 | 10-12 || total
-------------------------+-------+-------+-------+-------++-------
Melee: Hand axe          |   130 |    42 |   115 |   174 ||   461
       War axe           |       |   131 |   356 |       ||   487
       Unarmed           |       |       |       |     2 ||     2
 Abil: Draw Destruction  |       |       |     2 |     1 ||     3
Evoke: Wand              |       |       |     5 |       ||     5
  Use: Potion            |       |     1 |     4 |     1 ||     6
       Scroll            |       |     1 |     1 |     2 ||     4
 Stab: Sleeping          |     3 |       |       |       ||     3
  Eat: Ration            |     1 |     1 |     3 |       ||     5
       Chunk             |       |     4 |     5 |     6 ||    15
Armor: Robe              |    35 |       |       |       ||    35
       Chain mail        |     3 |    98 |   326 |    82 ||   509
Dodge: Dodged            |    99 |    49 |   175 |    62 ||   385
